AoeStats
← NuMa | Jomaro

Arabia

508967129Analyzed
4v4 RM · 9d ago on Sep 24, 2026· 18m 57s· 8 players
Game mode
Random Map
Map size
Large (8 player)
Population
200
Speed
Normal
Resources
Standard
Victory
Conquest
Starting age
Dark Age
Ending age
Imperial Age
RankedLock teamsTeams togetherTeam positionsShared explorationLock speedFull tech treeHidden civsTurbo modeCheats
Victory
Defeat
🇨🇴 Magyars · Colombia
1492
+10
🇨🇴 Maya · Colombia
1424
+13
🇨🇴 Persians · Colombia
1402
+14
🇨🇴 Franks · Colombia
1284
+18
1396
-16
🇮🇳 Britons · India
1369
-14
🇲🇽 Aztecs · Mexico
1325
-13
🇨🇴 Vietnamese · Colombia
1311
-12
AiM | HolaRigbi2025
6:20 Loom
9:09 Feudal Age
9:52 Double-Bit Axe
15:16 Horse Collar
17:33 Bloodlines
FreakinGorkha
6:23 Loom
8:38 Feudal Age
10:30 Double-Bit Axe
david.indie108
10:42 Feudal Age
10:00 Loom
11:21 Double-Bit Axe
11:31 Horse Collar
12:12 Man-at-Arms
12:38 Arson
13:49 Forging
13:39 Scale Mail Armor
14:13 Gold Mining
[IMGG]Poncho
7:15 Loom
9:56 Feudal Age
10:34 Double-Bit Axe
14:14 Fletching
15:38 Padded Archer Armor
19:06 Town Watch
NuMa | Jomaro
6:05 Loom
8:57 Feudal Age
12:45 Double-Bit Axe
15:03 Scale Barding Armor
16:01 Forging
NuMa | Maurofarfan01
0:27 Loom
6:49 Loom
8:58 Feudal Age
9:30 Loom
11:59 Double-Bit Axe
18:31 Horse Collar
NuMa | Ezio
5:37 Loom
TILIN2.0
0:31 Loom
9:28 Feudal Age
10:46 Double-Bit Axe
12:29 Town Watch
14:05 Fletching
Connection lost

Rejoining the realm…

Still unreachable

The connection could not be restored.

Session expired

The server has moved on; the page needs a fresh start.